 Dungeon Crawl Stone Soup version 0.29-a0-338-g1ff7896281 (webtiles) character file.

Game seed: 11528940908097661821

9 spaghetti the Digger (level 2, 22/22 HPs)
             Began as a Deep Dwarf Earth Elementalist on Apr 18, 2022.
             Was a Follower of Nemelex Xobeh.
             Quit the game on level 1 of the Dungeon.
             The game lasted 00:00:49 (739 turns).

spaghetti the Digger (Deep Dwarf Earth Elementalist) Turns: 739, Time: 00:00:50

Health: 22/22      AC:  2    Str: 11    XL:     2   Next: 6%
Magic:  3/4        EV: 12    Int: 15    God:    Nemelex Xobeh [*.....]
Gold:   17         SH:  0    Dex: 13    Spells: 3/4 levels left

rFire   + . .      SeeInvis .   f - +0 spear {polearm}
rCold   + . .      Faith    .   (no shield)
rNeg    . . .      Spirit   .   b - +0 robe
rPois   .          Reflect  .   (no helmet)
rElec   .          Harm     .   e - scarf {rC+ rF+}
rCorr   .          Rampage  .   (no gloves)
Will    .....                   (no boots)
Stlth   ++........              (no amulet)
HPRegen 0.00/turn               (no ring)
MPRegen 0.09/turn               (no ring)

@: no status effects
A: damage resistance, heal wounds, sense surroundings 1, no regeneration
a: Heal Wounds, Renounce Religion, Draw Escape, Draw Destruction, Draw Summoning


You were on level 1 of the Dungeon.
You worshipped Nemelex Xobeh.
Nemelex Xobeh was aware of your devotion.
You visited 1 branch of the dungeon, and saw 1 of its levels.

You collected 17 gold pieces.


Innate Abilities, Weirdness & Mutations

You are resistant to damage.
You can heal yourself by infusing magical energy.
You passively map a small area around you.
You do not regenerate.


   Skills:
 - Level 2.1 Dodging
 - Level 2.4 Stealth
 - Level 1.7 Spellcasting
 - Level 0.8 Transmutations
 + Level 4.8 Earth Magic


You had 3 spell levels left.
You knew the following spells:

 Your Spells              Type           Power      Damage    Failure   Level
a - Sandblast             Erth           30%        2d9       3%          1

Your spell library contained the following spells:

 Spells                   Type           Power      Damage    Failure   Level
 Passwall                 Tmut/Erth      7%         N/A       11%         2
 Stone Arrow              Conj/Erth      16%        3d8       26%         3
 Petrify                  Tmut/Erth      9%         N/A       56%         4

Inventory:

Hand Weapons
 f - a +0 spear (weapon) {polearm}
   (You found it on level 1 of the Dungeon)
Missiles
 a - 48 stones {throwing}
Armour
 b - a +0 robe (worn)
 e - a scarf of resistance (worn)
   (You found it on level 1 of the Dungeon)
Magical Staves
 d - a staff of fire {!astaff}
   (You found it on level 1 of the Dungeon)
Scrolls
 h - a scroll of teleportation {unknown}
 j - a scroll of immolation {unknown}
Potions
 c - a potion of magic
 g - a potion of ambrosia {unknown}
 i - a potion of degeneration {unknown}

Dungeon Overview and Level Annotations

Branches:
Dungeon (1/15)

Altars:
Nemelex Xobeh

.###.#####.# ,..#..).# *
## #.#####.# #.#.# #
#.......# #.#.# #
##'####### #...# *
###...## ###.######
##..†..## #........# *
.#......## ##.###.##.# *
.........####...##.##.##
.#.......'......@.).....
##.......####...#..##.##
, #.......## ##.##.##
##.....## #.##.# ,
##...## #.##.###.# ##'##
#........# #.#
####.##### #.# #.# ##.##
#.#


There were no monsters in sight!


Message History

A quokka is nearby!
Casting: Sandblast (safe; 3% risk of failure)
Confirm with . or Enter, or press ? or * to list all spells.
Aiming: Sandblast (safe; 3% risk of failure)
Press: ? - help, Shift-Dir - straight line, f/p - quokka
Aim: a quokka (71% to hit)
The blast of sand hits the quokka.
The quokka misses you. 😎 MP[-1]
You lost 1 mp, and now have 1/3 mp.
A quokka is nearby!
A quokka is nearby!
Casting: Sandblast (safe; 3% risk of failure)
Confirm with . or Enter, or press ? or * to list all spells.
Aiming: Sandblast (safe; 3% risk of failure)
Press: ? - help, Shift-Dir - straight line, f/p - quokka
Aim: a quokka (heavily wounded, 71% to hit)
The blast of sand hits the quokka!
You kill the quokka! 😎 MP[-1]
You lost 1 mp, and now have 0/3 mp.
Key pressed, stopping explore.
Key pressed, stopping explore.
Key pressed, stopping explore.
Key pressed, stopping explore.
j - a scroll labelled UREIRPH TUALUTZ 😎 MP[+3]
Your mp is fully restored (3).
Unknown command.
As you open the door, it creaks loudly!
A bat comes into view.
A bat is nearby!
A bat is nearby!
Casting: Sandblast (safe; 3% risk of failure)
Confirm with . or Enter, or press ? or * to list all spells.
Aiming: Sandblast (safe; 3% risk of failure)
Press: ? - help, Shift-Dir - straight line, f - bat
Aim: a bat (69% to hit)
The blast of sand hits the bat!
You kill the bat! 😎 MP[-1]
You lost 1 mp, and now have 2/3 mp.
There is an open door here.
Key pressed, stopping explore.
a - 50 stones {throwing} (gained 28) Key pressed, stopping explore.
Found a faded altar of an unknown god. 😎 MP[+1]
Your mp is fully restored (3).
There is a faded altar of an unknown god here.
Key pressed, stopping explore.
A giant cockroach comes into view.
Casting: Sandblast (safe; 3% risk of failure)
Confirm with . or Enter, or press ? or * to list all spells.
Aiming: Sandblast (safe; 3% risk of failure)
Press: ? - help, Shift-Dir - straight line, f - giant cockroach
Aim: a giant cockroach (asleep, 100% to hit)
The blast of sand hits the giant cockroach.
You kill the giant cockroach!
You have reached level 2! 😎 HP[+7] MP[-1]
You now have 22 max hp (+7).
Your hp is fully restored (22).
Search for what [Enter for "sca", or ? for help]? altar You open the door.
There is an open door here.
You open the door.
There is an open door here.
There is a faded altar of an unknown god here. 😎 MP[+2]
Your mp is fully restored (4).
You cannot tell which god this altar belongs to.
Convert to them anyway?
Nemelex Xobeh accepts your prayer! Nemelex Xobeh welcomes you!
You can now draw from decks of power.
Nemelex will now gift you decks of power as you gain piety.
Unknown command.
Press < or > to pray at altars.
There is an open door here.
There is an open door here.
A goblin comes into view. It is wielding a +0 dagger.
The goblin shouts!
A goblin is nearby!
A goblin is nearby!
A goblin is nearby!
Casting: Sandblast (safe; 3% risk of failure)
Confirm with . or Enter, or press ? or * to list all spells.
You can't see any susceptible monsters within range! (Use Z to cast anyway.) Unknown command.
Casting: Sandblast (safe; 3% risk of failure)
Confirm with . or Enter, or press ? or * to list all spells.
You can't see any susceptible monsters within range! (Use Z to cast anyway.)
Casting: Sandblast (safe; 3% risk of failure)
Confirm with . or Enter, or press ? or * to list all spells.
Aiming: Sandblast (safe; 3% risk of failure)
Press: ? - help, Shift-Dir - straight line, f - goblin
Aim: a goblin, wielding a +0 dagger (74% to hit)
The blast of sand hits the goblin!
You kill the goblin! 😎 MP[-1]
You lost 1 mp, and now have 3/4 mp.
Are you sure you want to abandon this character and quit the game? (Confirm with "yes".)

Action                   || total
-------------------------++-------
 Cast: Sandblast         ||    12
Dodge: Dodged            ||     2

Levels and vault maps discovered:
D:1:      ncdulo_watergridlock, layout_loops_corners, basic_ecumenical_altar,
          minmay_misc_feat_tower, amethyst_killhole

Notes
Turn   | Place    | Note
-------+----------+-------------------------------------------
     0 | D:1      | spaghetti the Deep Dwarf Earth Elementalist began the quest
                  | for the Orb.
     0 | D:1      | Reached XP level 1. HP: 15/15 MP: 3/3
     0 | D:1      | magus.rc [v1.9.6]
   629 | D:1      | Found a faded altar of an unknown god.
   690 | D:1      | Reached XP level 2. HP: 22/22 MP: 2/4
   716 | D:1      | Prayed at the altar of an unknown god.
   716 | D:1      | Became a worshipper of Nemelex Xobeh the Trickster
   716 | D:1      | Reached * piety under Nemelex Xobeh
   739 | D:1      | Quit the game

Vanquished Creatures
  2 giant cockroaches (D:1)
  A goblin (D:1)
  A hobgoblin (D:1)
  A quokka (D:1)
  2 bats (D:1)
  A frilled lizard (D:1)
  A kobold (D:1)
9 creatures vanquished.

Table legend:
 A = Non-vault XP
 B = Vault XP
 C = Vault XP percentage of total XP
 D = Non-vault monster count
 E = Vault monster count
 F = Vault count percentage of total count
                 A         B        C        D         E       F
            +---------+---------+-------+---------+---------+-------
      Total |      14 |       0 |   0.0 |       9 |       0 |   0.0
            +---------+---------+-------+---------+---------+-------
        D:1 |      14 |       0 |   0.0 |       9 |       0 |   0.0
            +---------+---------+-------+---------+---------+-------

Illustrated notes

Table legend:
 A = Kills in this place as a percentage of kills in entire the game.
 B = Kills by you in this place as a percentage of kills by you in the entire game.
 C = Kills by friends in this place as a percentage of kills by friends in the entire game.
 D = Other kills in this place as a percentage of other kills in the entire game.
 E = Experience gained in this place as a percentage of experience gained in the entire game.
 F = Experience gained in this place divided by the number of levels of this place that you have seen.
                   A       B       C       D       E      F
               +-------+-------+-------+-------+-------+----------------------
         Total | 100.0 | 100.0 |   N/A |   N/A | 100.0 |  14.0
       Dungeon | 100.0 | 100.0 |   N/A |   N/A | 100.0 |  14.0
               +-------+-------+-------+-------+-------+----------------------

Table legend: (Time is in decaauts)
 A = Elapsed time spent in this place.
 B = Non-inter-level travel time spent in this place.
 C = Inter-level travel time spent in this place.
 D = Time resting spent in this place.
 E = Time spent auto-exploring this place.
 F = Levels seen in this place.
 G = Mean time per level.
                   A        B        C        D        E       F      G
               +--------+--------+--------+--------+--------+-----+--------+
         Total |    739 |    686 |     53 |      5 |    624 |   1 |  739.0 |
       Dungeon |    739 |    686 |     53 |      5 |    624 |   1 |  739.0 |
               +--------+--------+--------+--------+--------+-----+--------+

Top non-repeatable levels by time:
     D:1: 739 daAuts
